 Dungeon Crawl Stone Soup version 0.16-a0-3655-g786489f (webtiles) character file.

106 oshikia the Insei (level 4, -3/35 HPs)
             Began as a Demonspawn Monk on Jan 17, 2015.
             Slain by a giant gecko (5 damage)
             ... on level 3 of the Dungeon.
             The game lasted 00:05:30 (2525 turns).

oshikia the Insei (Demonspawn Monk)                 Turns: 2525, Time: 00:05:30

Health: -3/35      AC:  3    Str: 11    XL:     4   Next: 55%
Magic:  4/4        EV: 13    Int: 12    God:
Gold:   111        SH:  0    Dex: 16    Spells: 0 memorised, 3 levels left

rFire  . . .     SeeInvis .       - Unarmed
rCold  . . .     Clarity  .     a - +0 robe
rNeg   . . .     SustAb   .     (no shield)
rPois  .         Gourm    .     (no helmet)
rElec  .         Spirit   .     (no cloak)
rCorr  .         Warding  .     (no gloves)
rMut   .         Stasis   .     i - +0 pair of boots
MR     .....                    (no amulet)
Stlth  ++........               (no ring)
                                (no ring)

@: not resistant to hostile enchantments, unstealthy
A: hooves 1, demonic guardian 1
a: no special abilities


You were on level 3 of the Dungeon.
You were not hungry.

You visited 1 branch of the dungeon, and saw 3 of its levels.

You collected 112 gold pieces.

Inventory:

Armour
 a - a +0 robe (worn)
 i - a +0 pair of boots (worn)
Scrolls
 d - a scroll of teleportation {unknown}
 e - 5 scrolls of identify {unknown}
 g - a scroll of noise {unknown}
 h - 2 scrolls of remove curse {unknown}
Comestibles
 b - 4 bread rations
 j - a meat ration


   Skills:
 - Level 3.0 Fighting
 - Level 2.6 Dodging
 - Level 1.7 Stealth
 + Level 5.5 Unarmed Combat


You had 3 spell levels left.
You didn't know any spells.

Dungeon Overview and Level Annotations

Branches:
Dungeon (3/15)

Altars:
Ashenzari
Gozag
Ru
Zin


Innate Abilities, Weirdness & Mutations

You have large cloven feet.
A weak demonic guardian rushes to your aid.


Message History

You hit the orc but do no damage.
The orc is moderately wounded.
You barely miss the orc.
The orc is moderately wounded.
The orc hits you but does no damage.
You hit the orc but do no damage. You punch the orc, but do no damage.
The orc is moderately wounded.
The orc misses you.
You barely miss the orc.
The orc is moderately wounded.
The orc completely misses you.
You hit the orc but do no damage.
The orc is lightly wounded.
The orc hits you with a falchion!
* * * LOW HITPOINT WARNING * * *
You hit the orc but do no damage. You punch the orc.
You kill the orc!
You aren't carrying any potions.
You miss the giant gecko. The giant gecko bites you.
You die...

. ###### .# #..... #.##
#.....##.#. #..... ...
###....l##.# #####
#.[.....@#.## ##...##
............######.###.#
<.###.##..#........# #.#
# #....######.###.#
#.#.## ##...## #.#.#
######.## #.#.#
#......####
#.#.####.####..... #.#..
....# #.####


You could see a giant gecko.

Vanquished Creatures
  Terence (D:3)
  3 adders
  2 oozes (D:1)
  7 orcs
  11 hobgoblins
  5 kobolds
  2 quokkas (D:2)
  11 bats
  2 giant cockroaches (D:2)
  A giant gecko (D:1)
  2 giant newts (D:1)
  6 goblins
  5 rats
58 creatures vanquished.

Notes
Turn   | Place    | Note
--------------------------------------------------------------
     0 | D:1      | oshikia, the Demonspawn Monk, began the quest for the Orb.
     0 | D:1      | Reached XP level 1. HP: 18/18 MP: 1/1
    67 | D:1      | Reached skill level 4 in Unarmed Combat
   222 | D:1      | Gained mutation: A weak demonic guardian rushes to your aid. [demonic ancestry]
   222 | D:1      | Reached XP level 2. HP: 17/24 MP: 2/2
  1135 | D:2      | Found a sacrificial altar of Ru.
  1226 | D:2      | Found a glowing silver altar of Zin.
  1244 | D:2      | Reached XP level 3. HP: 22/29 MP: 3/3
  1847 | D:3      | Found an opulent altar of Gozag.
  1855 | D:3      | Found a shattered altar of Ashenzari.
  1895 | D:3      | Noticed Terence
  2175 | D:3      | Killed Terence
  2175 | D:3      | Reached skill level 5 in Unarmed Combat
  2175 | D:3      | Gained mutation: You have large cloven feet. [demonic ancestry]
  2175 | D:3      | Reached XP level 4. HP: 35/35 MP: 4/4
  2193 | D:3      | Became a worshipper of Gozag Ym Sagoz the Greedy
  2194 | D:3      | Fell from the grace of Gozag
  2525 | D:3      | Slain by a giant gecko

Action                   |  1- 3 |  4- 6 || total
-------------------------+-------+-------++-------
Melee: Unarmed           |   165 |    69 ||   234
Invok: Renounce Religion |       |     1 ||     1
  Use: Potion            |     6 |       ||     6
 Stab: Sleeping          |     7 |     1 ||     8
       Distracted        |     1 |       ||     1
  Eat: Chunk             |     4 |     1 ||     5
